 Dungeon Crawl Stone Soup version 0.25-a0-577-ga4619f409e (webtiles) character file.

Game seed: 7298432852947561686, levelgen mode: deterministic

975 Amnesiac the Vandal (level 7, 0/50 HPs)
             Began as a Mummy Warper on Mar 3, 2020.
             Was a Follower of Okawaru.
             Slain by an ogre
             ... wielding a +0 giant club
              (24 damage)
             ... on level 4 of the Dungeon.
             The game lasted 00:17:39 (6499 turns).

Amnesiac the Vandal (Mummy Warper)                  Turns: 6499, Time: 00:17:40

Health: 0/50       AC: 11    Str: 14    XL:     7   Next: 95%
Magic:  11/11      EV:  4    Int: 12    God:    Okawaru [*.....]
Gold:   192        SH: 10    Dex: 11    Spells: 12/12 levels left

rFire    . . .     SeeInvis .   a - +0 flail (protect)
rCold    . . .     Gourm    .   h - +2 kite shield
rNeg     + + +     Faith    +   n - +0 chain mail
rPois    ∞         Spirit   .   l - +0 helmet
rElec    .         Reflect  .   (no cloak)
rCorr    .         Harm     .   o - +0 pair of gloves
MR       .....                  (no boots)
Stlth    ..........             p - amulet of faith
HPRegen  0.16/turn              e - ring of fire
MPRegen  0.12/turn              i - -3 ring of strength (curse)

@: about to teleport
A: no food or potions, fire vulnerability, cold resistance 1, negative energy
resistance 3, torment resistance, unbreathing
a: Heroism, Renounce Religion


You were on level 4 of the Dungeon.
You worshipped Okawaru.
Okawaru was aware of your devotion.
You were not hungry.

You visited 2 branches of the dungeon, and saw 7 of its levels.

You collected 192 gold pieces.

Inventory:

Hand Weapons
 a - a +0 flail of protection (weapon)
 b - a +1 hunting sling
 m - a +0 falchion
Missiles
 f - 144 stones (quivered)
Armour
 h - a +2 kite shield (worn)
 l - a +0 helmet (worn)
 n - a +0 chain mail (worn)
 o - a +0 pair of gloves (worn)
Jewellery
 e - a ring of fire (left hand)
 i - a cursed -3 ring of strength (right hand)
 p - an amulet of faith (around neck)
Scrolls
 c - a scroll of blinking {!r}
 d - 3 scrolls of enchant weapon {!r}
 j - a scroll of teleportation {!r}
 k - 3 scrolls of identify {!r}


   Skills:
 + Level 2.0 Fighting
 * Level 6.4 Slings
 - Level 0.8(4.0) Throwing
 + Level 2.2 Armour
 + Level 2.1 Dodging
 + Level 2.1 Shields
 - Level 2.0 Unarmed Combat
 - Level 3.0 Spellcasting
   Level 2.4 Translocations


You had 12 spell levels left.
You didn't know any spells.
Your spell library contained the following spells:

 Spells                   Type           Power        Failure   Level  Hunger
 Animate Skeleton         Necr           N/A          100%        1    N/A
 Apportation              Tloc           #.....       100%        1    N/A
 Corona                   Hex            #......      100%        1    N/A
 Summon Small Mammal      Summ           #...         100%        1    N/A
 Blink                    Tloc           N/A          100%        2    N/A
 Shroud of Golubria       Chrm/Tloc      #.....       100%        2    N/A
 Gell's Gravitas          Tloc           #.........   100%        3    N/A
 Lesser Beckoning         Tloc           #.........   100%        3    N/A
 Teleport Other           Tloc           #.......     100%        3    N/A
 Passage of Golubria      Tloc           N/A          100%        4    N/A

Dungeon Overview and Level Annotations

Branches:
Dungeon (6/15)             Temple (1/1) D:4

Altars:
Cheibriados
Dithmenos
Elyvilon
Fedhas
Gozag
Kikubaaqudgha
Nemelex Xobeh
Okawaru
Qazlal
Sif Muna
Trog
Uskayaw
Vehumet
Wu Jian
Xom
Yredelemnul
Zin

Annotations:
D:6 Maggie


Innate Abilities, Weirdness & Mutations

You do not eat or drink.
Your flesh is vulnerable to fire.
You are immune to poison.
Your flesh is cold resistant. (rC+)
You are immune to negative energy. (rN+++)
You are immune to unholy pain and torment.
You can survive without breathing.


Message History

You closely miss the adder.
The adder is moderately wounded.
The adder bites you but does no damage. The adder barely misses you.
Your chain mail prevents you from hitting the adder.
The adder is moderately wounded.
The adder barely misses you. The adder bites you but does no damage.
You barely miss the adder.
The adder is moderately wounded.
The adder bites you but does no damage. The adder closely misses you.
Your shield and chain mail prevent you from hitting the adder.
The adder is moderately wounded.
You block the adder's attack.
You closely miss the adder.
The adder is moderately wounded.
The adder bites you but does no damage. The adder barely misses you.
You miss the adder.
The adder is moderately wounded.
You block the adder's attack. The adder barely misses you.
You hit the adder but do no damage.
Your weapon exudes an aura of protection.
The adder is moderately wounded.
You block the adder's attack. The adder bites you but does no damage.
You closely miss the adder.
The adder is moderately wounded.
The adder bites you but does no damage. You block the adder's attack.
You thump the adder!
Your weapon exudes an aura of protection.
You kill the adder!
Okawaru accepts your kill. You block the ogre's attack.
You hit the ogre.
The ogre is moderately wounded.
You block the ogre's attack.
Your chain mail prevents you from hitting the ogre.
The ogre is moderately wounded.
You block the ogre's attack.
You closely miss the ogre.
The ogre is moderately wounded.
The ogre hits you with a +0 giant club.
You hit the ogre.
Your weapon exudes an aura of protection.
The ogre is moderately wounded.
The ogre hits you but does no damage. The ogre hits you with a +0 giant club!
You see here a ration.
There is a stone staircase leading up here.
You climb upwards.
There is a stone staircase leading down here.
You can't go up here!
You block the ogre's attack.
An ogre is nearby!
An ogre is nearby!
Really read
q - a scroll labeled XUABLI MOYQALL {!r}?
As you read the scroll labeled XUABLI MOYQALL {!r}, it crumbles to dust.
It is a scroll of amnesia.
You feel forgetful for a moment.
You barely miss the ogre.
The ogre is lightly wounded.
The ogre hits you with a +0 giant club!
* * * LOW HITPOINT WARNING * * *
Really read
j - 2 scrolls of teleportation {!r}?
As you read the scroll of teleportation {!r}, it crumbles to dust.
You feel strangely unstable.
The ogre hits you with a +0 giant club!!
You die...

#####...##.#
#.#
######.###.#
#.# .......#
#.# #.#
######## #.#
#.# # #.# #.#
#.# #.# #.#
#.# ### #.#
#O# ..# #.#
#@# #.# #.#
#.# #.# #.#
#.# #.# #.#
#.# #.#
#############
#.#
#...#...#...#
#.#
#.⌠.#.⌠...⌠.#
#.#
#...#...#...#
#.#
##.###.######


You could see an ogre.

Vanquished Creatures
  Edmund (D:5)
  An ice beast (D:6)
  An ogre (D:4)
  A centaur (D:5)
  A bullfrog (D:6)
  A wyvern skeleton (D:6)
  A scorpion (D:6)
  A howler monkey (D:4)
  2 hounds
  A bullfrog skeleton (D:5)
  3 iguanas
  3 worker ants
  7 adders
  A howler monkey skeleton (D:4)
  An ooze (D:2)
  A worm (D:2)
  2 dart slugs
  5 leopard geckos
  8 orcs
  3 giant cockroaches
  9 goblins
  8 hobgoblins
  7 jackals
  A quokka (D:6)
  A ball python (D:3)
  A ball python skeleton (D:4)
  7 bats
  4 frilled lizards
  A giant cockroach zombie (D:6)
  7 kobolds
  A leopard gecko zombie (D:4)
  A quokka zombie (D:5)
  4 rats
97 creatures vanquished.

Vanquished Creatures (others)
  A quokka skeleton (D:6)
1 creature vanquished.

Grand Total: 98 creatures vanquished

Notes
Turn   | Place    | Note
-------+----------+-------------------------------------------
     0 | D:1      | Amnesiac the Mummy Warper began the quest for the Orb.
     0 | D:1      | Reached XP level 1. HP: 16/16 MP: 4/4
   205 | D:1      | Reached XP level 2. HP: 21/22 MP: 6/6
   445 | D:1      | Reached skill level 1 in Slings
   779 | D:2      | Reached XP level 3. HP: 27/27 MP: 7/7
  1261 | D:2      | Found a stormy altar of Qazlal.
  1262 | D:2      | Found a bloodstained altar of Trog.
  1262 | D:2      | Found a shimmering blue altar of Sif Muna.
  1294 | D:2      | Reached skill level 2 in Slings
  1912 | D:2      | Reached XP level 4. HP: 23/33 MP: 8/8
  1914 | D:2      | Found a snail-covered altar of Cheibriados.
  2323 | D:3      | Found a shimmering altar of Xom.
  2323 | D:3      | Found a glowing silver altar of Zin.
  2323 | D:3      | Noticed an angel
  2421 | D:3      | Found a sparkling altar of Nemelex Xobeh.
  2429 | D:3      | Found a shadowy altar of Dithmenos.
  2598 | D:3      | Reached skill level 1 in Armour
  3231 | D:3      | Reached skill level 3 in Slings
  3287 | D:4      | Reached XP level 5. HP: 33/38 MP: 9/9
  3613 | D:4      | Noticed an ogre
  3635 | D:4      | Killed an ogre
  3635 | D:4      | Reached XP level 6. HP: 20/44 MP: 10/10
  3799 | D:4      | Reached skill level 4 in Slings
  4130 | D:4      | Found a staircase to the Ecumenical Temple.
  4154 | Temple   | Entered the Ecumenical Temple
  4165 | Temple   | Became a worshipper of Warmaster Okawaru
  4248 | D:5      | Entered Level 5 of the Dungeon
  4329 | D:5      | Reached skill level 1 in Shields
  4558 | D:5      | Found a radiant altar of Vehumet.
  5366 | D:5      | Found an ornate altar of the Wu Jian Council.
  5538 | D:6      | Noticed Edmund
  5606 | D:5      | Killed Edmund
  5606 | D:5      | Reached skill level 5 in Slings
  5606 | D:5      | Reached XP level 7. HP: 44/50 MP: 11/11
  5764 | D:6      | Reached * piety under Okawaru
  5913 | D:6      | Found a basalt altar of Yredelemnul.
  5961 | D:6      | Reached skill level 6 in Slings
  6216 | D:6      | Noticed Maggie
  6319 | D:6      | Found a white marble altar of Elyvilon.
  6499 | D:4      | Slain by an ogre

Levels and vault maps discovered:
D:1:      mrwooster_arrival_statue, layout_loops_ring
D:2:      layout_basic, kennysheep_slug_shrine,
          gammafunk_temple_overflow_forgotten, first_ration
D:3:      layout_loops_ring, grunt_temple_overflow_order_and_chaos_1,
          grunt_dithmenos_smoke_and_mirrors, nemelex_xobeh_ov_fountains_minmay
D:4:      cheibrodos_old_hovel, layout_loops_ring,
          minmay_temple_entry_nine_rooms
D:5:      layout_basic, lemuel_doored_altar, old_standard_altar
D:6:      minmay_clustersquares, layout_rooms, elyvilon_altar_1,
          kennysheep_mini, uniq_maggie, uniq_edmund
Temple:   compressed_dpeg_triangle_lava_temple

Skill      XL: |  1  2  3  4  5  6  7 |
---------------+----------------------+-----
Spellcasting   | 3 |  3.0
Slings         | 1 2 3 5 6 |  6.4
Unarmed Combat | 2 |  2.0
Dodging        | 2 |  2.1
Armour         | 1 2 |  2.2
Shields        | 1 2 |  2.1
Fighting       | |  2.0
Throwing       | |  0.8
Translocations | |  2.4

Action                   |  1- 3 |  4- 6 |  7- 9 || total
-------------------------+-------+-------+-------++-------
Melee: Unarmed           |   121 |    31 |       ||   152
       Falchion          |       |   381 |       ||   381
       Flail             |       |       |   175 ||   175
 Fire: Hunting sling     |   103 |    53 |       ||   156
Throw: Dart              |     8 |    21 |     7 ||    36
       Boomerang         |     5 |       |       ||     5
  Use: Scroll            |       |     7 |     2 ||     9
Armor: Leather armour    |    43 |     2 |       ||    45
       Ring mail         |       |    58 |       ||    58
       Chain mail        |       |   152 |   118 ||   270
Dodge: Dodged            |    49 |   121 |    43 ||   213
Block: Kite shield       |    73 |   219 |   120 ||   412
       Rpst.: Falchion   |       |    23 |       ||    23

Table legend:
 A = Non-vault XP
 B = Vault XP
 C = Vault XP percentage of total XP
 D = Non-vault monster count
 E = Vault monster count
 F = Vault count percentage of total count
                 A         B        C        D         E       F
            +---------+---------+-------+---------+---------+-------
      Total |    1175 |     218 |  15.6 |      95 |       3 |   3.1
            +---------+---------+-------+---------+---------+-------
        D:1 |      40 |       0 |   0.0 |      25 |       0 |   0.0
        D:2 |      69 |       4 |   5.5 |      23 |       1 |   4.2
        D:3 |      80 |       0 |   0.0 |       8 |       0 |   0.0
        D:4 |     270 |      43 |  13.7 |      20 |       1 |   4.8
        D:5 |     203 |     171 |  45.7 |       7 |       1 |  12.5
        D:6 |     513 |       0 |   0.0 |      12 |       0 |   0.0
            +---------+---------+-------+---------+---------+-------
